 Dungeon Crawl Stone Soup version 0.26-a0-113-gd8a95b691d (webtiles) character file.

Game seed: 8782305656891699712

121 Gargoyl the Skirmisher (level 4, -2/40 HPs)
             Began as a Centaur Abyssal Knight on June 25, 2020.
             Was a Believer of Lugonu.
             Slain by an ogre
             ... wielding a +0 giant spiked club
              (25 damage)
             ... on level 3 of the Dungeon.
             The game lasted 00:03:11 (3302 turns).

Gargoyl the Skirmisher (Centaur Abyssal Knight)     Turns: 3302, Time: 00:03:12

Health: -2/40      AC: 11    Str: 20    XL:     4   Next: 77%
Magic:  5/5        EV:  4    Int: 11    God:    Lugonu [**....]
Gold:   133        SH:  0    Dex: 10    Spells: 3/3 levels left

rFire    . . .     SeeInvis .   a - +1 hand axe
rCold    . . .     Faith    .   (no shield)
rNeg     + . .     Spirit   .   e - +0 plate armour
rPois    .         Reflect  .   l - +0 helmet
rElec    .         Harm     .   (no cloak)
rCorr    .                      f - +0 pair of gloves
MR       .....                  (no barding)
Stlth    ..........             (no amulet)
HPRegen  0.13/turn              j - ring of positive energy
MPRegen  0.09/turn              h - +6 ring of strength

@: very quick
A: large, hooves 3, deformed body, speed 2, tough skin 3
a: Depart the Abyss, Bend Space, Renounce Religion


You were on level 3 of the Dungeon.
You worshipped Lugonu.
Lugonu was pleased with you.
You were hungry.

You visited 1 branch of the dungeon, and saw 4 of its levels.
You visited the Abyss 1 time.

You collected 133 gold pieces.

Inventory:

Hand Weapons
 a - a +1 hand axe (weapon)
Armour
 e - a +0 plate armour (worn)
 f - a +0 pair of gloves (worn)
 l - a +0 helmet (worn)
Jewellery
 h - a +6 ring of strength (right hand)
 j - a ring of positive energy (left hand)
 r - an uncursed ring of see invisible {unknown}
Scrolls
 p - a scroll of remove curse
 q - a scroll of identify
Potions
 b - a potion of curing {unknown}
 d - 2 potions of might
 g - 2 potions of heal wounds
 i - a potion of ambrosia {unknown}
 k - a potion of mutation {unknown}
 m - a potion of invisibility {unknown}
 o - a potion of brilliance {unknown}
Comestibles
 c - 5 rations


   Skills:
 + Level 3.6 Fighting
 + Level 2.5 Axes
 * Level 2.4 Armour
 * Level 1.3 Dodging
 * Level 2.5 Invocations


You had 3 spell levels left.
You didn't know any spells.
Your spell library was empty.

Dungeon Overview and Level Annotations

Branches:
Dungeon (4/15)
 Temple: D:4-7

Altars:
Ashenzari
Cheibriados
Nemelex Xobeh
Qazlal
Wu Jian
The Shining One


Innate Abilities, Weirdness & Mutations

You have hooves in place of feet.
Armour fits poorly on your strangely shaped body.
You cover ground very quickly.
You have extremely tough skin. (AC +3)


Message History

You start resting.
All of the chunks of flesh in your inventory have rotted away.
HP restored.
You climb downwards.
The ogre hits you with a +0 giant spiked club!!
Ouch! That really hurt!
There is a stone staircase leading up, spattered with blood here.
There is a stone staircase leading up here.
There is a stone staircase leading down here.
You are feeling hungry.
You climb downwards.
There is a stone staircase leading up, spattered with blood here.
You start resting.
HP restored.
You climb upwards.
The ogre hits you with a +0 giant spiked club!
There is a stone staircase leading down, spattered with blood here.
The ogre hits you with a +0 giant spiked club!!
Ouch! That really hurt!
You die...

.##.#.#####..#(.####.##.#
#.#
.##.#.#####.#.#.####.##.#
#.#
.##.#.......#.#.........#
#.#
..............######.####
#.# ..#.#............#
#.# #.#
..#........#####.# #.#
#.# #####.###..# #.###.##
#.# #.# #..# #>O....#
#.### #####.# ##.#
#@###..# #...# ......#
#.#####.# #..# ###.#
#####.####.......# #..#
#.# #.#.#####O#### #..#
#.# #..#.####.# #..# #.#
#.##.<<.O.# ##.# #.#
#.....##### #.# #.#
####...[..## ####O# #.#
#..........# #.O..# #.#


You could see an ogre.

Vanquished Creatures
  Natasha (D:4)
  Robin (D:2)
  A gnoll (D:1)
  A dart slug (D:1)
  2 leopard geckos
  4 orcs
  A giant cockroach (D:3)
  15 goblins
  11 hobgoblins
  5 jackals
  A quokka (D:2)
  5 bats
  A frilled lizard (D:1)
  6 kobolds
  5 rats
60 creatures vanquished.

Notes
Turn   | Place    | Note
-------+----------+-------------------------------------------
     0 | Abyss:1  | Gargoyl the Centaur Abyssal Knight began the quest for the
                  | Orb.
     0 | Abyss:1  | Reached XP level 1. HP: 19/19 MP: 2/2
     6 | Abyss:2  | Found a corrupted altar of Lugonu.
    26 | Abyss:2  | Noticed a fire bat
    28 | D:1      | Escaped the Abyss
   329 | D:1      | Reached * piety under Lugonu
   420 | D:1      | Reached XP level 2. HP: 25/26 MP: 3/3
   754 | D:1      | Reached skill level 1 in Dodging
   951 | D:1      | Reached XP level 3. HP: 24/31 MP: 4/4
  1477 | D:2      | Reached ** piety under Lugonu
  1650 | D:2      | Noticed Robin
  1860 | D:2      | Killed Robin
  1860 | D:2      | Reached XP level 4. HP: 31/38 MP: 5/5
  2189 | D:3      | Found a glowing golden altar of the Shining One.
  2289 | D:3      | Found a stormy altar of Qazlal.
  2289 | D:3      | Found a snail-covered altar of Cheibriados.
  2290 | D:3      | Found a sparkling altar of Nemelex Xobeh.
  2426 | D:3      | Found a shattered altar of Ashenzari.
  2691 | D:3      | Found an ornate altar of the Wu Jian Council.
  2817 | D:4      | Noticed Natasha
  2817 | D:4      | Noticed an ogre
  2836 | D:4      | Killed Natasha
  3302 | D:3      | Slain by an ogre

Illustrated notes

Levels and vault maps discovered:
D:1:      dpeg_arrival_court, layout_basic, corexii_hall_statues_s
D:2:      layout_basic, uniq_robin
D:3:      layout_loops_ring, nicolae_overflow_hidden_temple,
          lemuel_doored_altar, gammafunk_temple_overflow_claw,
          lemuel_round_altar, first_ration, hangedman_decor_slide_cut
D:4:      layout_loops_corners, uniq_natasha

Skill      XL: |  1  2  3 |
---------------+----------+-----
Dodging        | 1 |  1.3
Axes           | 2 |  2.5
Armour         | 2 |  2.4
Fighting       | |  3.6
Invocations    | |  2.5

Action                   |  1- 3 |  4- 6 || total
-------------------------+-------+-------++-------
Melee: Hand axe          |   102 |    30 ||   132
       Kick              |    17 |     6 ||    23
Invok: Depart the Abyss  |     1 |       ||     1
       Bend Space        |       |     1 ||     1
  Use: Potion            |     1 |       ||     1
       Scroll            |     3 |     1 ||     4
  Eat: Chunk             |     2 |     3 ||     5
Armor: Plate armour      |   134 |    38 ||   172
Dodge: Dodged            |    20 |     6 ||    26

Table legend:
 A = Non-vault XP
 B = Vault XP
 C = Vault XP percentage of total XP
 D = Non-vault monster count
 E = Vault monster count
 F = Vault count percentage of total count
                 A         B        C        D         E       F
            +---------+---------+-------+---------+---------+-------
      Total |      99 |      75 |  43.1 |      46 |      14 |  23.3
            +---------+---------+-------+---------+---------+-------
        D:1 |      56 |       0 |   0.0 |      25 |       0 |   0.0
        D:2 |      20 |      39 |  66.1 |      10 |      13 |  56.5
        D:3 |      20 |       0 |   0.0 |      10 |       0 |   0.0
        D:4 |       3 |      36 |  92.3 |       1 |       1 |  50.0
            +---------+---------+-------+---------+---------+-------
